MLB
CHICAGO WHITE SOX @ HOUSTON ASTROS
07/07/2018
 
TOP OF THE 1ST
Chicago White Sox batting - Pitching for Houston Astros : RHP Odrisamer Despaigne
Pitching: RHP Odrisamer Despaigne
Batting: LHB Andrew Toles 0-0: Bunt for hit to 15S - play at first, batter OUT! 1-3
Batting: LHB Corey Seager 0-0: Ball
1-0: SINGLE (Line Drive, 7LS)
Batting: LHB Charlie Blackmon 0-0: Grounds into double play, 4-6-3 (Groundball, 4)
Top of the 1st over - 0 runs, 1 hit, 0 errors, 0 left on base; Chicago 0 - Houston 0
BOTTOM OF THE 1ST
Houston Astros batting - Pitching for Chicago White Sox : LHP Dillon Peters
Pitching: LHP Dillon Peters
Batting: LHB Bradley Zimmer 0-0: Ball
1-0: Ball
2-0: Bunt for hit to 13S - play at first, batter OUT! 1-3
Batting: RHB Josh Harrison 0-0: Ball
1-0: Foul Ball, location: 2F
1-1: Ground out 5-3 (Groundball, 5L)
Batting: RHB Xander Bogaerts 0-0: Ball
1-0: Fly out, F8 (Flyball, 8LM)
Bottom of the 1st over - 0 runs, 0 hits, 0 errors, 0 left on base; Chicago 0 - Houston 0
TOP OF THE 2ND
Chicago White Sox batting - Pitching for Houston Astros : RHP Odrisamer Despaigne
Batting: RHB J.D. Martinez 0-0: Ball
1-0: Swinging Strike
1-1: Ground out 5-3 (Groundball, 56)
Batting: LHB Brandon Belt 0-0: Ball
1-0: Ball
2-0: Called Strike
2-1: Ball
3-1: Called Strike
3-2: Ground out 4-3 (Groundball, 34)
Batting: RHB Justin Turner 0-0: Ball
1-0: Ball
2-0: Called Strike
2-1: Ball
3-1: Base on Balls
Batting: RHB Jonathan Lucroy 0-0: Called Strike
0-1: Ball
1-1: Swinging Strike
1-2: Strikes out swinging
Top of the 2nd over - 0 runs, 0 hits, 0 errors, 1 left on base; Chicago 0 - Houston 0
BOTTOM OF THE 2ND
Houston Astros batting - Pitching for Chicago White Sox : LHP Dillon Peters
Batting: RHB Trey Mancini 0-0: Ground out 6-3 (Groundball, 6)
Batting: LHB Rougned Odor 0-0: Called Strike
0-1: Fly out, F8 (Flyball, 8RD)
Batting: LHB Dominic Smith 0-0: DOUBLE (Line Drive, 9LD)
Batting: LHB Colin Moran 0-0: Ball
1-0: Ball
2-0: Ball
3-0: Called Strike
3-1: Base on Balls
Batting: LHB Jason Heyward 0-0: Foul Ball, location: 2F
0-1: Foul Ball, location: 2F
0-2: Ball
1-2: Fly out, F3 (Line Drive, 3)
Bottom of the 2nd over - 0 runs, 1 hit, 0 errors, 2 left on base; Chicago 0 - Houston 0
TOP OF THE 3RD
Chicago White Sox batting - Pitching for Houston Astros : RHP Odrisamer Despaigne
Batting: LHB Marco Hernandez 0-0: Fly out, F8 (Line Drive, 8LM)
Batting: RHB Brandon Phillips 0-0: Ball
1-0: Ground out 4-3 (Groundball, 4M)
Batting: LHB Andrew Toles 0-0: Foul Ball, location: 2F
0-1: Ball
1-1: Called Strike
1-2: Reached on error, E6 (Groundball, 6S)
Batting: LHB Corey Seager 0-0: Fielders Choice at 2nd, 6-4 (Groundball, 56)
Top of the 3rd over - 0 runs, 0 hits, 1 error, 1 left on base; Chicago 0 - Houston 0
BOTTOM OF THE 3RD
Houston Astros batting - Pitching for Chicago White Sox : LHP Dillon Peters
Batting: LHB Omar Narvaez 0-0: Foul Ball, location: 2F
0-1: Called Strike
0-2: Ground out 4-3 (Groundball, 34D)
Batting: LHB Bradley Zimmer 0-0: Swinging Strike
0-1: Ball
1-1: Swinging Strike
1-2: Ball
2-2: Strikes out swinging
Batting: RHB Josh Harrison 0-0: SINGLE (Flyball, 78S)
Batting: RHB Xander Bogaerts 0-0: Ball
1-0: Foul Ball, location: 2F
1-1: Foul Ball, location: 2F
1-2: Ball
2-2: Ball
3-2: Foul Ball, location: 2F
3-2: Fly out, F6 (Popup, 6MD)
Bottom of the 3rd over - 0 runs, 1 hit, 0 errors, 1 left on base; Chicago 0 - Houston 0
TOP OF THE 4TH
Chicago White Sox batting - Pitching for Houston Astros : RHP Odrisamer Despaigne
Batting: LHB Charlie Blackmon 0-0: Foul Ball, location: 2F
0-1: SOLO HOME RUN (Flyball, 9D), Distance : 366 ft
Batting: RHB J.D. Martinez 0-0: SINGLE (Groundball, 34D)
Batting: LHB Brandon Belt 0-0: Ball
1-0: Fly out, F8 (Flyball, 8RS)
Batting: RHB Justin Turner 0-0: Ball
1-0: Foul Ball, location: 2F
1-1: Called Strike
1-2: Ball
2-2: Strikes out swinging
Batting: RHB Jonathan Lucroy 0-0: Ball
Wild Pitch!
J.D. Martinez to second
1-0: Ball
2-0: Foul Ball, location: 2F
2-1: Fly out, F8 (Flyball, 8LD)
Top of the 4th over - 1 run, 2 hits, 0 errors, 1 left on base; Chicago 1 - Houston 0
BOTTOM OF THE 4TH
Houston Astros batting - Pitching for Chicago White Sox : LHP Dillon Peters
Batting: RHB Trey Mancini 0-0: Ball
1-0: Called Strike
1-1: Ball
2-1: Ball
3-1: Base on Balls
Batting: LHB Rougned Odor 0-0: Ground out 5-3 (Groundball, 6)
Trey Mancini to second
Batting: LHB Dominic Smith 0-0: Ball
1-0: Called Strike
1-1: Swinging Strike
1-2: Strikes out looking
Batting: LHB Colin Moran 0-0: Foul Ball, location: 2F
0-1: Called Strike
0-2: Strikes out looking
Bottom of the 4th over - 0 runs, 0 hits, 0 errors, 1 left on base; Chicago 1 - Houston 0
TOP OF THE 5TH
Chicago White Sox batting - Pitching for Houston Astros : RHP Odrisamer Despaigne
Batting: LHB Marco Hernandez 0-0: Ball
1-0: Ball
2-0: Ball
3-0: Base on Balls
Batting: RHB Brandon Phillips 0-0: Grounds into double play, 5-4-3 (Groundball, 56)
Batting: LHB Andrew Toles 0-0: Foul Ball, location: 2F
0-1: Fly out, F9 (Flyball, 9LS)
Top of the 5th over - 0 runs, 0 hits, 0 errors, 0 left on base; Chicago 1 - Houston 0
BOTTOM OF THE 5TH
Houston Astros batting - Pitching for Chicago White Sox : LHP Dillon Peters
Batting: LHB Jason Heyward 0-0: Ball
1-0: Foul Ball, location: 2F
1-1: Fly out, F4 (Popup, 23)
Batting: LHB Omar Narvaez 0-0: Ball
1-0: Ball
2-0: Swinging Strike
2-1: Foul Ball, location: 2F
2-2: Foul Ball, location: 2F
2-2: Ball
3-2: Base on Balls
Batting: LHB Bradley Zimmer 0-0: Ball
1-0: Called Strike
1-1: Swinging Strike
1-2: Ball
2-2: Foul Ball, location: 2F
2-2: Ball
3-2: Base on Balls
Omar Narvaez to second
Batting: RHB Josh Harrison 0-0: Ball
1-0: DOUBLE (Line Drive, 78XD)
Omar Narvaez scores
Bradley Zimmer to third
Runner from 3rd tries for Home, SAFE, no throw by CF
Batting: RHB Xander Bogaerts 0-0: Ball
1-0: Ball
2-0: Ball
3-0: Ground out 5-3 (Groundball, 56S)
Batting: RHB Trey Mancini 0-0: Called Strike
0-1: Swinging Strike
0-2: Ground out 5-3 (Groundball, 56)
Bottom of the 5th over - 2 runs, 1 hit, 0 errors, 1 left on base; Chicago 1 - Houston 2
TOP OF THE 6TH
Chicago White Sox batting - Pitching for Houston Astros : RHP Odrisamer Despaigne
Batting: LHB Corey Seager 0-0: Ball
1-0: SINGLE (Flyball, 7LS)
Batting: LHB Charlie Blackmon 0-0: Ball
1-0: Foul Ball, location: 2F
1-1: Foul Ball, location: 2F
1-2: Foul Ball, location: 2F
1-2: Ball
2-2: Strikes out swinging
Batting: RHB J.D. Martinez 0-0: Ground out 5-3 (Groundball, 56S)
Corey Seager to second
Batting: LHB Brandon Belt 0-0: Ball
1-0: Ball
2-0: Foul Ball, location: 2F
2-1: Foul Ball, location: 2F
2-2: Foul Ball, location: 2F
2-2: Ball
3-2: Foul Ball, location: 2F
3-2: Foul Ball, location: 2F
3-2: Fly out, F9 (Flyball, 9S)
Top of the 6th over - 0 runs, 1 hit, 0 errors, 1 left on base; Chicago 1 - Houston 2
BOTTOM OF THE 6TH
Houston Astros batting - Pitching for Chicago White Sox : LHP Dillon Peters
Batting: LHB Rougned Odor 0-0: Swinging Strike
0-1: Fly out, F9 (Flyball, 9)
Batting: LHB Dominic Smith 0-0: Called Strike
0-1: Ball
1-1: Swinging Strike
1-2: Ball
2-2: Fly out, F4 (Popup, 34D)
Batting: LHB Colin Moran 0-0: Ground out 6-3 (Groundball, 6)
Bottom of the 6th over - 0 runs, 0 hits, 0 errors, 0 left on base; Chicago 1 - Houston 2
TOP OF THE 7TH
Chicago White Sox batting - Pitching for Houston Astros : RHP Odrisamer Despaigne
Batting: RHB Justin Turner 0-0: Called Strike
0-1: Ball
1-1: Called Strike
1-2: Foul Ball, location: 2F
1-2: Foul Ball, location: 2F
1-2: Ball
2-2: Ball
3-2: SINGLE (Line Drive, 89S)
Batting: RHB Jonathan Lucroy 0-0: Fly out, F8 (Flyball, 8RD)
Batting: LHB Marco Hernandez 0-0: Ball
1-0: Fly out, F9 (Flyball, 89S)
Pinch Hitting: LHB Daniel Murphy 0-0: Called Strike
0-1: Ball
1-1: Ball
2-1: Called Strike
2-2: Strikes out looking
Top of the 7th over - 0 runs, 1 hit, 0 errors, 1 left on base; Chicago 1 - Houston 2
BOTTOM OF THE 7TH
Houston Astros batting - Pitching for Chicago White Sox : LHP Dillon Peters
Now at 2B: Daniel Murphy
Batting: LHB Jason Heyward 0-0: Ball
1-0: Ball
2-0: Fly out, F9 (Line Drive, 9)
Batting: LHB Omar Narvaez 0-0: Ball
1-0: Called Strike
1-1: Called Strike
1-2: Foul Ball, location: 2F
1-2: Foul Ball, location: 2F
1-2: Ball
2-2: SINGLE (Groundball, 6D)
Pitching: LHP Richard Lovelady
Batting: LHB Bradley Zimmer 0-0: Foul Ball, location: 2F
0-1: Foul Ball, location: 2F
0-2: Ball
1-2: Fly out, F6 (Line Drive, 6)
Batting: RHB Josh Harrison 0-0: SINGLE (Groundball, 56D)
Omar Narvaez to second
Batting: RHB Xander Bogaerts 0-0: Ball
1-0: Foul Ball, location: 2F
1-1: SINGLE (Groundball, 6MD)
Omar Narvaez to third
Josh Harrison to second
Runner from 3rd tries for Home, SAFE, no throw by CF
Batting: RHB Trey Mancini 0-0: Called Strike
0-1: Ball
1-1: Ball
2-1: SINGLE (Groundball, 6MD)
Josh Harrison to third
Xander Bogaerts to second
Runner from 3rd tries for Home, SAFE, no throw by CF
Batting: LHB Rougned Odor 0-0: Ball
1-0: SINGLE (Groundball, 4D)
Xander Bogaerts to third
Trey Mancini to second
Runner from 3rd tries for Home, SAFE, throw by RF to home
Pitching: LHP Jared Miller
Batting: LHB Dominic Smith 0-0: Ball
1-0: Called Strike
1-1: Fly out, F3 (Line Drive, 3)
Bottom of the 7th over - 3 runs, 5 hits, 0 errors, 2 left on base; Chicago 1 - Houston 5
TOP OF THE 8TH
Chicago White Sox batting - Pitching for Houston Astros : RHP Odrisamer Despaigne
Pitching: RHP Dovydas Neverauskas
Batting: LHB Andrew Toles 0-0: Called Strike
0-1: Ball
1-1: Swinging Strike
1-2: Ball
2-2: Foul Ball, location: 2F
2-2: Ball
3-2: Foul Ball, location: 2F
3-2: Strikes out swinging
Batting: LHB Corey Seager 0-0: Swinging Strike
0-1: Called Strike
0-2: Ground out 6-3 (Groundball, 6)
Batting: LHB Charlie Blackmon 0-0: Foul Ball, location: 2F
0-1: Called Strike
0-2: Ball
1-2: Strikes out looking
Top of the 8th over - 0 runs, 0 hits, 0 errors, 0 left on base; Chicago 1 - Houston 5
BOTTOM OF THE 8TH
Houston Astros batting - Pitching for Chicago White Sox : LHP Jared Miller
Batting: LHB Colin Moran 0-0: Called Strike
0-1: Ball
1-1: Called Strike
1-2: Ball
2-2: Fly out, F9 (Flyball, 89M)
Batting: LHB Jason Heyward 0-0: Ball
1-0: Ball
2-0: Foul Ball, location: 2F
2-1: Foul Ball, location: 2F
2-2: Ball
3-2: Base on Balls
Batting: LHB Omar Narvaez 0-0: Foul Ball, location: 2F
0-1: Grounds into double play, 4-6-3 (Groundball, 4)
Bottom of the 8th over - 0 runs, 0 hits, 0 errors, 0 left on base; Chicago 1 - Houston 5
TOP OF THE 9TH
Chicago White Sox batting - Pitching for Houston Astros : RHP Dovydas Neverauskas
Pitching: LHP Chris Rusin
Batting: RHB J.D. Martinez 0-0: Swinging Strike
0-1: Foul Ball, location: 2F
0-2: Strikes out looking
Batting: LHB Brandon Belt 0-0: Ground out U3 (Groundball, 34)
Batting: RHB Justin Turner 0-0: Ball
1-0: Called Strike
1-1: Foul Ball, location: 2F
1-2: Foul Ball, location: 2F
1-2: SINGLE (Groundball, 34D)
Batting: RHB Jonathan Lucroy 0-0: Called Strike
0-1: Called Strike
0-2: Ball
1-2: Ground out 4-3 (Groundball, 34)
Top of the 9th over - 0 runs, 1 hit, 0 errors, 1 left on base; Chicago 1 - Houston 5
Tuesday, September 11th, 2018 - OOTP Baseball 19.8 Build 79